 Dungeon Crawl Stone Soup version 0.30-a0-1114-gd936c97349 (webtiles) character file.

Game seed: 10104663784156383809

194631 ragingrage the Placeless Human (level 19, -9/152 HPs)
             Began as a Human Warper on Apr 19, 2023.
             Was an Initiate of Gozag.
             Mangled by a wolf spider (16 damage)
             ... on level 3 of the Spider Nest on Apr 20, 2023.
             The game lasted 01:51:07 (59663 turns).

ragingrage the Placeless Human (Human Warper)      Turns: 59663, Time: 01:51:08

Health: -9/152     AC: 23    Str: 13    XL:     19   Next: 47%
Magic:  10/26      EV: 12    Int: 14    God:    Gozag
Gold:   8657       SH:  9    Dex: 19    Spells: 12/28 levels left

rFire   . . .      SeeInvis .    a - +5 demon blade (pain)
rCold   . . .      Faith    .    h - +3 warlock's mirror {omnireflect}
rNeg    + . .      Spirit   .    b - +1 chain mail {rPois}
rPois   +          Reflect  +    (helmet restricted)
rElec   .          Rampage  .    V - +0 cloak {Will+}
rCorr   +                        J - +0 pair of gloves
Will    ++...                    u - +2 pair of boots
Stlth   +                        U - amulet of regeneration
HPRegen 1.25/turn                d - +4 ring of protection
MPRegen 0.20/turn                S - ring "Pogebois" {rN+ rCorr Slay+5}

@: no status effects
A: horns 1, talons 1, screaming 1
a: Renounce Religion, Potion Petition, Call Merchant, Bribe Branch


You were on level 3 of the Spider Nest.
You worshipped Gozag.
Gozag was greatly pleased with you.
You visited 6 branches of the dungeon, and saw 31 of its levels.
You also visited: Gauntlet and Volcano.

You collected 12810 gold pieces.
You spent 933 gold pieces at shops.
You paid 3220 gold pieces to Gozag.

Inventory:

Hand Weapons
 a - a +5 demon blade of pain (weapon)
 D - the +3 war axe "Unyas" {heavy, Int+5}
   (You found it on level 3 of the Spider Nest)

   Int:       It affects your intelligence (+5).
Missiles
 k - 25 poisoned darts
 R - 4 throwing nets
Armour
 b - a +1 chain mail of poison resistance (worn)
 h - the +3 warlock's mirror (worn) {omnireflect}
   (You acquired it on level 6 of the Dungeon)

   Omnireflect: It can block and reflect piercing ranged attacks and magical
   attacks against the wielder's willpower.
 u - a +2 pair of boots (worn)
 J - a +0 pair of gloves (worn)
 V - a +0 cloak of willpower (worn)
 Z - a +2 ring mail of fire resistance
Jewellery
 d - a +4 ring of protection (left hand)
 t - the ring of Nuqicuj {rF+ rN+}
   (You found it on level 1 of the Shoals)

   [ring of protection from fire]

   rF:        It protects you from fire.
   rN:        It protects you from negative energy.
 w - the ring of the Sunfish {rElec rC- rN+ Will++ Str+6}
   (You acquired it on level 6 of the Dungeon)

   [ring of strength]

   Str:       It affects your strength (+6).
   rC:        It makes you vulnerable to cold.
   rElec:     It insulates you from electricity.
   rN:        It protects you from negative energy.
   Will:      It greatly increases your willpower.
 L - a +6 ring of dexterity
 S - the ring "Pogebois" (right hand) {rN+ rCorr Slay+5}
   (You took it off a minotaur in a Gauntlet)

   [ring of positive energy]

   Slay:      It affects your accuracy & damage with ranged weapons and melee
   (+5).
   rN:        It protects you from negative energy.
   rCorr:     It protects you from acid and corrosion.
 U - an amulet of regeneration (around neck)
Wands
 v - a wand of paralysis (32)
 y - a wand of light (6)
 A - a wand of flame (6)
 E - a wand of roots (4)
 F - a wand of mindburst (19)
 G - a wand of polymorph (13)
Scrolls
 f - 3 scrolls of teleportation
 j - 4 scrolls of magic mapping
 p - 5 scrolls of blinking
 q - 3 scrolls of poison
 s - 2 scrolls of torment
 x - 4 scrolls of fog
 z - 4 scrolls of vulnerability
 K - 2 scrolls of immolation
 M - a scroll of butterflies
 Q - 9 scrolls of identify
Potions
 c - a potion of berserk rage
 e - 3 potions of cancellation
 g - 4 potions of flight
 l - 10 potions of haste
 m - a potion of resistance
 o - 6 potions of mutation
 r - 3 potions of heal wounds
 B - 2 potions of brilliance
 C - 5 potions of magic
 H - 3 potions of lignification
 I - 5 potions of might
 N - 4 potions of attraction
 O - 3 potions of curing
 X - 3 potions of invisibility
Miscellaneous
 i - a box of beasts
 n - a tin of tremorstones (1/2)
 T - a phantom mirror (inert)
 W - a phial of floods
 Y - a piece from Xom's chessboard (15/15)


   Skills:
 - Level 14.0 Fighting
 - Level 9.4(12.3) Short Blades
 - Level 12.7(14.0) Long Blades
 - Level 4.8 Throwing
 - Level 12.0 Armour
 - Level 13.0 Dodging
 - Level 5.0 Stealth
 - Level 6.0 Shields
 - Level 5.0 Spellcasting
 * Level 5.3 Necromancy
 - Level 14.0 Translocations
 - Level 7.0 Transmutations
 - Level 9.0 Evocations


You had 12 spell levels left.
You knew the following spells:

 Your Spells              Type           Power      Damage    Failure   Level
a - Wereblood             Tmut           23%        N/A       19%         2
b - Lesser Beckoning      Tloc           84%        N/A       1%          2
c - Blink                 Tloc           84%        N/A       1%          2
d - Death Channel         Necr           9%         N/A       100%        6
e - Manifold Assault      Tloc           42%        N/A       7%          4

Your spell library contained the following spells:

 Spells                   Type           Power      Damage    Failure   Level
 Gell's Gravitas          Tloc           42%        N/A       2%          3
 Teleport Other           Tloc           42%        N/A       2%          3
 Beastly Appendage        Tmut           46%        N/A       13%         1
 Portal Projectile        Hex/Tloc       46%        N/A       36%         3
 Vhi's Electric Charge    Tloc/Air       46%        N/A       36%         3
 Passwall                 Tmut/Erth      10%        N/A       63%         2
 Dispersal                Tloc           21%        N/A       73%         6
 Spider Form              Tmut/Pois      13%        N/A       85%         3
 Cigotuvi's Dreadful Rot  Necr/Pois/Air  16%        N/A       86%         2
 Sandblast                Erth           6%         2d5       92%         1
 Shock                    Conj/Air       12%        1d3       92%         1
 Dispel Undead            Necr           18%        3d11      94%         4
 Blade Hands              Tmut           11%        N/A       98%         5
 Ice Form                 Ice/Tmut       13%        N/A       99%         4
 Hailstorm                Conj/Ice       3%         3d3       100%        3
 Inner Flame              Hex/Fire       3%         N/A       100%        3
 Mephitic Cloud           Conj/Pois/Air  3%         N/A       100%        3
 Ozocubu's Armour         Ice            3%         N/A       100%        3
 Stone Arrow              Conj/Erth      6%         3d7       100%        3
 Swiftness                Air            3%         N/A       100%        3
 Tukima's Dance           Hex            3%         N/A       100%        3
 Airstrike                Air            1%         2d(1-17)  100%        4
 Anguish                  Hex/Necr       5%         N/A       100%        4
 Olgreb's Toxic Radiance  Pois           3%         N/A       100%        4
 Iskenderun's Battlesphe  Conj           3%         2d6       100%        5
 Metabolic Englaciation   Hex/Ice        1%         N/A       100%        5
 Yara's Violent Unravell  Hex/Tmut       6%         3d5       100%        5
 Conjure Ball Lightning   Conj/Air       1%         3x3d6     100%        6
 Enfeeble                 Hex            1%         N/A       100%        7
 Malign Gateway           Summ/Tloc      11%        N/A       100%        7
 Discord                  Hex            1%         N/A       100%        8
 Disjunction              Tloc           21%        N/A       100%        8
 Summon Horrible Things   Summ           1%         N/A       100%        8
 Simulacrum               Ice/Necr       Unusable   N/A       N/A         6

Dungeon Overview and Level Annotations

Branches:
Dungeon (15/15)            Temple (0/1) D:6            Lair (5/5) D:11
 Shoals (4/4) Lair:3       Spider (4/4) Lair:2        Slime (0/5) Lair:5
    Orc (2/2) D:11            Elf (1/3) Orc:2        Vaults (0/5) D:13
Volcano (visited)         Gauntlet (visited)
 Depths: D:15

Altars:
Ashenzari
Dithmenos
Fedhas
Gozag
Hepliaklqana
Kikubaaqudgha
Okawaru
Wu Jian
Xom
Yredelemnul
Jiyva

Shops:
D:7 *   Orc:2 [*(:*   Shoals:3 (

Portals:
Trove: D:10 (give +2 gold dragon scales)

Annotations:
D:2 exclusion: downstairs
D:8 3 transporters
Lair:1 exclusion: downstairs
Lair:3 exclusion: 2 downstairs
Lair:5 exclusion: upstairs
Spider:1 2 transporters, exclusion: downstairs, Qetan's ghost, journeyman MiBe


Innate Abilities, Weirdness & Mutations

You have a pair of small horns on your head.
You have sharp toenails.
You occasionally shout uncontrollably at your foes.


Message History

The culicivora draws strength from your injuries!
The wolf spider hits you but does no damage.
The wolf spider bites you but does no damage.
You climb upwards.
There is a stone staircase leading down here.
Casting: Manifold Assault (mildly dangerous; 7% risk of failure) Space momentarily warps into an impossible shape!
You hit the wolf spider.
The wolf spider writhes in agony.
You slash the culicivora!
The culicivora writhes in agony.
You barely miss the pharaoh ant. The pharaoh ant closely misses you.
The wolf spider's wounds heal themselves!
Casting: Manifold Assault (mildly dangerous; 7% risk of failure) Space momentarily warps into an impossible shape!
You slice the wolf spider!!
The wolf spider writhes in agony.
You closely miss the pharaoh ant. You barely miss the culicivora.
The wolf spider hits you! You block the wolf spider's attack.
The pharaoh ant bites you!!
* * * LOW HITPOINT WARNING * * *
The wolf spider is healed somewhat.
Casting: Manifold Assault (mildly dangerous; 7% risk of failure) Space momentarily warps into an impossible shape!
You barely miss the wolf spider. You slash the pharaoh ant!
You closely miss the culicivora. You block the wolf spider's attack.
The wolf spider misses you. The pharaoh ant bites you!!
* * * LOW HITPOINT WARNING * * *
The culicivora bites you!
* * * LOW HITPOINT WARNING * * *
The culicivora draws strength from your injuries!
Casting: Manifold Assault (mildly dangerous; 7% risk of failure) Space momentarily warps into an impossible shape!
You hit the pharaoh ant. You closely miss the culicivora.
You slash the wolf spider!
The wolf spider writhes in agony.
The wolf spider hits you!
You die...
Your body crumbles into a pile of gold.

.#.......?.....###
.##.......#.##..^##
##..#######..##...#
.#...#..#...###.^.##
....##.......#.....##
^.#.^##...####......#
####^#..#..#........#
#..###.......^#######
#..#.##.....###.@..##
#..#..#......#.Bss..#
^..#..#..#####^..##.#
#.........^......^###
.......#......######
.#.....####........##
.#.^#.....#.........##
#.####...##.##.......#
#^.#.#....^#^####...##


You could see a wolf spider, a culicivora and a pharaoh ant.

Vanquished Creatures
  Mara (Shoals:4)
  Jorgrun (Spider:2)
  A tentacled monstrosity (Shoals:1)
  A kraken (Shoals:1)
  An emperor scorpion (Spider:3)
  Aizul (Spider:2)
  A deep elf sorcerer (Elf:1)
  2 ghost moths
  2 orc warlords
  2 broodmothers
  A stone giant (Volcano)
  A deep elf demonologist (Elf:1)
  A spark wasp (Spider:1)
  A minotaur (Gauntlet)
  Azrael (Spider:2)
  6 entropy weavers
  Josephine (D:8)
  8 merfolk impalers
  A great orb of eyes (Shoals:1)
  7 merfolk javelineers (Shoals:4)
  A jorogumo (Spider:1)
  2 ogre magi
  A radroach (Spider:3)
  6 hydras
  Erolcha (D:10)
  3 merfolk avatars
  5 centaur warriors
  3 boulder beetles
  7 merfolk aquamancers (Shoals:4)
  An alligator snapping turtle (Shoals:2)
  2 dancing weapons (Elf:1)
  3 tengu warriors
  10 death yaks
  4 two-headed ogres
  The ghost of AwFulAwFulPlayer the Nimble, a novice FoCK of Xom (D:6)
  5 orc high priests
  4 deep elf knights (Elf:1)
  6 pharaoh ants
  10 sea snakes
  A goliath frog (Lair:5)
  3 skeletal warriors
  10 skysharks
  2 orb spiders (Spider:3)
  13 deep elf pyromancers
  2 wizards (Elf:1)
  A necromancer (Gauntlet)
  3 steelbarb worms
  A deep elf archer (Elf:1)
  8 deep elf zephyrmancers (Elf:1)
  11 harpies
  10 wolf spiders
  4 orc knights (Orc:2)
  An ugly thing (D:13)
  4 orc sorcerers (Orc:2)
  6 cyclopes
  22 manticores
  12 fauns
  13 elephants
  2 ice statues (Spider:3)
  6 merfolk sirens
  6 black mambas
  22 cane toads
  5 torpor snails
  3 gargoyles
  2 apocalypse crabs (Shoals:1)
  9 water nymphs
  8 demonic crawlers
  2 rime drakes (Lair:5)
  2 unseen horror zombies (D:9)
  6 komodo dragons
  2 efreet
  3 unseen horror skeletons (D:9)
  2 polar bears
  4 wind drakes
  6 trolls
  27 merfolk
  6 tarantellas
  2 tyrant leeches (Lair:5)
  A hornet (D:9)
  32 blink frogs
  6 dream sheep
  5 snapping turtles
  15 jumping spiders
  4 flying skulls
  4 wraiths
  4 shadows
  3 wyverns
  14 culicivoras
  6 air elementals
  55 yaks
  4 fire bats (Volcano)
  19 water elementals
  9 fire elementals
  A redback (shapeshifter) (Elf:1)
  7 basilisks
  3 steam dragons
  12 vampire mosquitoes
  The ghost of Grieffels the Poker, an amateur DsGl (D:4)
  26 redbacks
  13 water moccasins
  3 wargs
  4 acid dragons
  6 hell hounds
  37 orc warriors
  A black bear (D:6)
  9 ogres
  A boggart (Elf:1)
  2 phantoms (D:4)
  17 centaurs
  A kobold brigand (D:7)
  14 bullfrogs
  3 earth elementals
  3 scorpions
  7 wights
  9 killer bees
  4 electric eels
  2 howler monkeys
  6 lava snakes (Volcano)
  2 centaur zombies (D:9)
  23 orc priests
  2 gnoll boudas
  4 hounds
  3 centaur skeletons (D:9)
  A sleepcap (D:8)
  4 iguanas
  Ijyb (D:5)
  5 hell rats (Lair:4)
  23 orc wizards
  A hound zombie (D:4)
  A hound skeleton (D:4)
  3 howler monkey zombies (D:9)
  3 howler monkey skeletons (D:9)
  An adder (D:2)
  13 gnolls
  4 ufetubi
  An adder zombie (D:4)
  3 worms
  8 dart slugs
  65 orcs
  7 ball pythons
  3 bats
  8 endoplasms
  4 giant cockroaches
  3 goblins
  8 hobgoblins
  2 jackals (D:1)
  2 quokkas
  2 frilled lizards
  6 kobolds
  A quokka skeleton (D:4)
  3 rats
  7 tentacles (Shoals:1)
968 creatures vanquished.

Vanquished Creatures (collateral kills)
  2 merfolk impalers
  A snapping turtle (Shoals:4)
3 creatures vanquished.

Vanquished Creatures (others)
  A merfolk impaler (Shoals:4)
  A merfolk aquamancer (Shoals:2)
  A tarantella (Spider:2)
  2 merfolk
  A hound (D:5)
  An orc wizard (Orc:2)
  4 demonic plants (Gauntlet)
  39 fungi
  188 plants
  24 tentacles (Shoals:1)
  6 withered plants
268 creatures vanquished.

Grand Total: 1239 creatures vanquished

Notes
Turn   | Place    | Note
-------+----------+-------------------------------------------
     0 | D:1      | ragingrage the Human Warper began the quest for the Orb.
     0 | D:1      | Reached XP level 1. HP: 16/16 MP: 3/3
    73 | D:1      | Found a faded altar of an unknown god.
    92 | D:1      | Prayed at the altar of an unknown god.
    92 | D:1      | Became a worshipper of Gozag Ym Sagoz the Greedy
   107 | D:1      | Reached XP level 2. HP: 22/22 MP: 5/5
   386 | D:1      | Reached XP level 3. HP: 26/27 MP: 6/6
   497 | D:1      | Got the Atlas of Nasty Violence
  1317 | D:2      | Reached XP level 4. HP: 24/33 MP: 7/7
  2055 | D:3      | Reached XP level 5. HP: 30/38 MP: 8/8
  2484 | D:3      | Reached skill level 1 in Short Blades
  2736 | D:3      | Learned a level 2 spell: Blink
  3200 | D:3      | Reached XP level 6. HP: 38/44 MP: 9/9
  3531 | D:4      | Found a runed translucent gate.
  3531 | D:4      | Found a runed translucent gate.
  3531 | D:4      | Found a runed translucent gate.
  3532 | D:4      | Noticed Grieffels's ghost (amateur DsGl)
  3756 | D:4      | Identified the +3 short sword of Courage {flame, *Rage
                  | Str+4 Int+3}
  3844 | D:4      | Found an ornate altar of the Wu Jian Council.
  3844 | D:4      | Found a hazy altar of Hepliaklqana.
  3865 | D:4      | Found a shimmering altar of Xom.
  3868 | D:4      | Found a broken altar of Ashenzari.
  3877 | D:4      | Found an ancient bone altar of Kikubaaqudgha.
  3886 | D:4      | Found a shadowy altar of Dithmenos.
  3938 | D:4      | Reached skill level 5 in Short Blades
  3938 | D:4      | Reached XP level 7. HP: 50/50 MP: 10/10
  4095 | D:5      | Entered Level 5 of the Dungeon
  4095 | D:5      | Found an iron altar of Okawaru.
  4133 | D:5      | Noticed a steam dragon
  4563 | D:4      | Killed a steam dragon
  4691 | D:5      | Reached XP level 8. HP: 56/56 MP: 11/11
  5578 | D:5      | Noticed Ijyb
  5615 | D:5      | Paralysed by Ijyb for 3 turns
  5626 | D:6      | Identified 2 scrolls of acquirement
  5626 | D:6      | Acquired the ring of the Sunfish {rElec rC- rN+ Will++
                  | Str+6}
  5628 | D:6      | Acquired the +3 warlock's mirror {omnireflect}
  5628 | D:6      | Found the +3 warlock's mirror {omnireflect}
  5644 | D:6      | Gained mutation: You have a pair of small horns on your
                  | head. [potion of mutation]
  5644 | D:6      | Gained mutation: You occasionally shout uncontrollably at
                  | your foes. [potion of mutation]
  5644 | D:6      | Gained mutation: You have sharp toenails. [potion of
                  | mutation]
  5645 | D:6      | Reached skill level 1 in Stealth
  5652 | D:6      | Noticed a yak
  5783 | D:6      | Noticed a yak
  5783 | D:6      | Noticed a yak
  5797 | D:6      | Killed a yak
  5938 | D:6      | Noticed a yak
  5943 | D:6      | Killed a yak
  6058 | D:6      | Killed a yak
  6059 | D:6      | Reached XP level 9. HP: 3/61 MP: 12/12
  6217 | D:6      | Reached skill level 1 in Shields
  6435 | D:6      | Found a runed translucent door.
  6435 | D:6      | Noticed AwFulAwFulPlayer's ghost (novice FoCK)
  6605 | D:6      | Found a staircase to the Ecumenical Temple.
  6780 | D:6      | Learned a level 2 spell: Lesser Beckoning
  6866 | D:5      | Killed Ijyb
  8308 | D:7      | Found an opulent altar of Gozag.
  8308 | D:7      | Found Gozag's Platinum Reserve.
  9022 | D:8      | Reached XP level 10. HP: 65/70 MP: 13/13
  9416 | D:8      | Reached skill level 5 in Translocations
  9443 | D:8      | Found a transporter.
  9455 | D:8      | Found a transporter.
  9461 | D:8      | Found a transporter.
  9562 | D:8      | Learned a level 1 spell: Beastly Appendage
  9565 | D:8      | Learned a level 2 spell: Wereblood
  9606 | D:8      | Found a transporter.
  9827 | D:9      | Noticed Josephine
  9845 | D:8      | Reached skill level 5 in Fighting
  9845 | D:8      | Reached skill level 1 in Transmutations
 10447 | D:9      | Reached skill level 5 in Long Blades
 10716 | D:9      | Noticed a skeletal warrior
 11279 | D:9      | Reached XP level 11. HP: 77/79 MP: 14/14
 11330 | D:8      | Killed Josephine
 12934 | D:10     | Entered Level 10 of the Dungeon
 12948 | D:10     | Noticed Maurice
 12951 | D:10     | Maurice changed into Maurice the acid dragon
 12951 | D:10     | Noticed Maurice
 12972 | D:10     | Killed Maurice the acid dragon
 13730 | D:10     | Noticed Erolcha
 13735 | D:10     | Killed Erolcha
 13785 | D:10     | Found a portal to a secret trove of treasure.
 14504 | D:11     | Noticed a manticore
 14522 | D:11     | Killed a manticore
 14525 | D:11     | Reached XP level 12. HP: 52/89 MP: 15/15
 14600 | D:11     | Reached skill level 10 in Long Blades
 14737 | D:11     | Found a staircase to the Orcish Mines.
 14869 | D:11     | Reached skill level 5 in Transmutations
 15469 | D:11     | Reached skill level 5 in Armour
 15990 | D:11     | Found a staircase to the Lair.
 16333 | Lair:1   | Entered Level 1 of the Lair of Beasts
 16507 | D:11     | Learned a level 4 spell: Manifold Assault
 17667 | Lair:2   | Noticed an eight-headed hydra
 17668 | Lair:2   | Reached XP level 13. HP: 86/94 MP: 11/16
 17753 | Lair:2   | Found a dark tunnel.
 17761 | Volcano  | Entered a volcano
 18045 | Volcano  | Noticed a stone giant
 18066 | Volcano  | Killed a stone giant
 18344 | Volcano  | Found a bloodstained altar of Trog.
 19669 | Lair:2   | Found a hole to the Spider Nest.
 21206 | Lair:3   | Found a staircase to the Shoals.
 21438 | Lair:3   | Found a basalt altar of Yredelemnul.
 21650 | Lair:4   | Reached skill level 10 in Armour
 22215 | Lair:3   | Reached XP level 14. HP: 61/101 MP: 17/17
 22645 | Lair:4   | Reached skill level 5 in Evocations
 23646 | Lair:5   | Entered Level 5 of the Lair of Beasts
 25030 | Lair:5   | Reached skill level 10 in Translocations
 25554 | Lair:5   | Reached XP level 15. HP: 84/108 MP: 18/18
 26388 | Lair:5   | Found a viscous altar of Jiyva.
 26388 | Lair:5   | Found a staircase to the Slime Pits.
 27123 | Orc:1    | Entered Level 1 of the Orcish Mines
 27969 | Orc:2    | Entered Level 2 of the Orcish Mines
 28052 | Orc:1    | Noticed an orc warlord
 28131 | Orc:2    | Found a transporter.
 28201 | Orc:2    | Found Appuutt's General Store.
 28224 | Orc:2    | Found a transporter.
 28480 | Orc:2    | Found a staircase to the Elven Halls.
 29048 | Orc:2    | Noticed an orc warlord
 29375 | Orc:1    | Killed an orc warlord
 30067 | Orc:2    | Found Mir Rirch's Antique Armour Shoppe.
 30068 | Orc:2    | Found Onlubb's Antique Weapon Shoppe.
 30070 | Orc:2    | Found Vauqiyst's General Store.
 30070 | Orc:2    | Found Kiyxae's Book Emporium.
 30089 | Orc:2    | Bought a scroll of identify for 34 gold pieces
 30089 | Orc:2    | Bought a scroll of identify for 34 gold pieces
 30091 | Orc:2    | Bought a potion of curing for 51 gold pieces
 30099 | Orc:2    | Bought a shiny ring mail for 196 gold pieces
 31728 | D:12     | Identified the +5 trident of the Shark {speed, rC+}
 31872 | D:13     | You fall into a shaft and drop 2 floors!
 31872 | D:15     | Entered Level 15 of the Dungeon
 31942 | D:15     | Reached skill level 10 in Fighting
 32364 | D:14     | Found a gate leading to a gauntlet.
 32368 | Gauntlet | Entered a Gauntlet
 32368 | Gauntlet | Found a transporter.
 32368 | Gauntlet | Found a transporter.
 32430 | Gauntlet | Found a transporter.
 32442 | Gauntlet | Found a transporter.
 32456 | Gauntlet | Found a large runed translucent door.
 32457 | Gauntlet | Found a large runed translucent door.
 32458 | Gauntlet | Found a large runed translucent door.
 32458 | Gauntlet | Found a large runed translucent door.
 32458 | Gauntlet | Found a large runed translucent door.
 32458 | Gauntlet | Found a large runed translucent door.
 32458 | Gauntlet | Found a large runed translucent door.
 32458 | Gauntlet | Found a large runed translucent door.
 32459 | Gauntlet | Found a runed translucent door.
 32459 | Gauntlet | Found a runed translucent gate.
 32460 | Gauntlet | Found a transporter.
 32460 | Gauntlet | Found a runed translucent gate.
 32460 | Gauntlet | Found a transporter.
 32460 | Gauntlet | Found a transporter.
 32462 | Gauntlet | Found a transporter.
 32462 | Gauntlet | Found a transporter.
 32483 | Gauntlet | Found a transporter.
 32490 | Gauntlet | Found a transporter.
 32501 | Gauntlet | Found a transporter.
 32505 | Gauntlet | Found a runed translucent door.
 32519 | Gauntlet | Found a transporter.
 32528 | Gauntlet | Found a large runed translucent door.
 32529 | Gauntlet | Found a large runed translucent door.
 32530 | Gauntlet | Found a large runed translucent door.
 32530 | Gauntlet | Found a large runed translucent door.
 32530 | Gauntlet | Found a large runed translucent door.
 32530 | Gauntlet | Found a large runed translucent door.
 32531 | Gauntlet | Found a large runed translucent door.
 32531 | Gauntlet | Found a large runed translucent door.
 32531 | Gauntlet | Found a runed translucent gate.
 32531 | Gauntlet | Found a runed translucent door.
 32541 | Gauntlet | Found a transporter.
 32617 | Gauntlet | Reached XP level 16. HP: 88/123 MP: 22/22
 32772 | Gauntlet | Reached skill level 5 in Dodging
 33001 | Gauntlet | Identified the amulet "Inec" {Spirit +Blink rN+}
 33123 | Gauntlet | Identified the +2 dagger "Zorrag" {freeze, rC+ Will+}
 33123 | Gauntlet | Identified the ring "Pogebois" {rN+ rCorr Slay+5}
 33264 | D:14     | Found a shadowy altar of Dithmenos.
 33325 | D:14     | Identified the +0 robe "Ninaygres" {Harm Drain rC+ rN++}
 33756 | D:13     | Found a gate to the Vaults.
 35150 | D:4      | Killed Grieffels's ghost
 35296 | D:6      | Killed AwFulAwFulPlayer's ghost
 35590 | Orc:2    | HP: 6/125 [poisoned by an orc warlord]
 35595 | Orc:2    | HP: 3/125 [poisoned by an orc warlord]
 35600 | Orc:1    | HP: 4/125 [poisoned by an orc warlord]
 36190 | Spider:1 | Entered Level 1 of the Spider Nest
 36980 | Spider:1 | Noticed Qetan's ghost (journeyman MiBe)
 36989 | Spider:1 | Found a transporter.
 36992 | Spider:1 | Noticed an emperor scorpion
 37053 | Spider:1 | Found a transporter.
 37736 | Spider:2 | Noticed Azrael
 37736 | Spider:2 | Noticed Aizul
 37736 | Spider:2 | Noticed Jorgrun
 38471 | Spider:2 | Upgraded the game from 0.30-a0-1112-gfb780f5df6 to
                  | 0.30-a0-1114-gd936c97349
 38505 | Spider:2 | Killed Jorgrun
 38782 | Spider:2 | Killed Aizul
 39340 | Spider:2 | Killed Azrael
 39341 | Spider:2 | Reached XP level 17. HP: 15/131 MP: 23/23
 39744 | Spider:2 | Reached skill level 5 in Shields
 40443 | Shoals:1 | Entered Level 1 of the Shoals
 41110 | Elf:1    | Entered Level 1 of the Elven Halls
 44248 | Shoals:1 | Noticed a kraken
 44522 | Shoals:1 | Found a shadowy altar of Dithmenos.
 44673 | Shoals:1 | Acquired 1076 gold pieces
 45951 | Shoals:1 | Killed a kraken
 46629 | Shoals:1 | Noticed a tentacled monstrosity
 46646 | Shoals:1 | Killed a tentacled monstrosity
 46647 | Shoals:1 | Reached skill level 10 in Dodging
 46659 | Shoals:1 | Got the Encyclopedia of Mad Ravings
 46661 | Shoals:1 | Identified the ring of Nuqicuj {rF+ rN+}
 47148 | Shoals:1 | Reached XP level 18. HP: 137/138 MP: 4/24
 47728 | Shoals:2 | Identified the +0 scale mail of Rationality {Dex+5}
 48927 | Orc:2    | Bought a tin of tremorstones (2/2) for 480 gold pieces
 48927 | Orc:2    | Bought a scroll of magic mapping for 90 gold pieces
 48927 | Orc:2    | Bought a potion of brilliance for 48 gold pieces
 49219 | Shoals:2 | Reached skill level 5 in Spellcasting
 49904 | Shoals:3 | Found Gonic's Antique Weapon Shoppe.
 50536 | Shoals:3 | Reached skill level 5 in Stealth
 51438 | Shoals:4 | Entered Level 4 of the Shoals
 51577 | Shoals:4 | Noticed a titan
 51578 | Shoals:4 | Identified the ring "Hitror" {Fly Str+5 Dex-2}
 51616 | Shoals:4 | Paralysed by an air elemental for 1 turns
 51616 | Shoals:4 | HP: 2/139 [air elemental/stunning burst (17)]
 52192 | Shoals:4 | Paralysed by an air elemental for 1 turns
 52196 | Shoals:4 | Paralysed by an air elemental for 1 turns
 53110 | Shoals:4 | Identified the +0 leather armour of Articulation {rF++ rC-
                  | Str+4}
 53178 | Shoals:4 | Paralysed by an air elemental for 1 turns
 53460 | Shoals:4 | Found a blossoming altar of Fedhas.
 54599 | Shoals:4 | Paralysed by an air elemental for 1 turns
 54606 | Shoals:4 | Paralysed by an air elemental for 1 turns
 55404 | Shoals:4 | Reached XP level 19. HP: 148/148 MP: 9/26
 55945 | Shoals:4 | Noticed Mara
 55958 | Shoals:4 | Noticed ragingrage's illusion
 55963 | Shoals:4 | Killed Mara
 56977 | Spider:3 | Reached skill level 1 in Necromancy
 57194 | Spider:3 | Learned a level 6 spell: Death Channel
 58549 | Spider:3 | Identified the +3 war axe "Unyas" {heavy, Int+5}
 59408 | Spider:4 | Entered Level 4 of the Spider Nest
 59423 | Spider:3 | Reached skill level 5 in Necromancy
 59662 | Spider:3 | HP: 6/152 [culicivora (8)]
 59663 | Spider:3 | Mangled by a wolf spider

Illustrated notes

Levels and vault maps discovered:
D:1:      wander_arrival_chamber, layout_basic,
          ebering_ecumenical_altar_petrified
D:2:      layout_basic
D:3:      layout_loops_ring
D:4:      layout_rooms, nicolae_overflow_hallway_of_the_gods, serial_undead,
          serial_undead_f, serial_undead_a, serial_undead_f, serial_undead_a,
          ebering_ghost_rock_garden
D:5:      layout_layer_cave, okawaru_gym_becter, st_stairs_3, uniq_ijyb
D:6:      layout_loops_cross, minmay_temple_entry_gardened_gates,
          gammafunk_ghost_grave
D:7:      layout_basic, nicolae_gozag_zags_fifth_avenue
D:8:      layout_rooms, eino_small_chamber_without_monster,
          nicolae_transporter_intersection
D:9:      hangedman_screamer, layout_irregular_city
D:10:     layout_stronghold, enter_trove_6, uniq_erolcha, uniq_maurice
D:11:     layout_roguey, erik_lair_dragon, david_orc_3
D:12:     layout_long_grid
D:13:     layout_rooms, david_vaults_2, chequers_serial_rivers_micro_a,
          minmay_misc_feat_encased
D:14:     layout_cave_pools, grunt_dithmenos_shadows, gauntlet_entry_generic
D:15:     gammafunk_depths_entry_grave, layout_basic, minmay_misc_feat_ornament,
          nicolae_twisting_strands, uniq_kirke
Lair:1:   layout_small_grid, lemuel_fruit_tree
Lair:2:   layout_small_grid, nicolae_spider_entry_tight_spaces, enter_volcano_1
Lair:3:   layout_gridlike, elwin_shoals_entry_rooms, basic_altar,
          infiniplex_staircase_pool_2
Lair:4:   layout_gridlike, chequers_serial_rivers_marsh
Lair:5:   minmay_lair_end_frog_pond, layout_layer_cave,
          dpeg_slime_entry_enclosed
Shoals:1: dreamdust_from_the_deep, layout_shoals, lemuel_altar_in_water
Shoals:2: layout_shoals, nicolae_shoals_arrival_archipelago
Shoals:3: layout_shoals, serial_shops, nicolae_shop_real_fake_doors
Shoals:4: shoals_end_hellmonk_storm_palace [storm_palace_center_circular,
          storm_palace_corner_altar, storm_palace_corner_narrow,
          storm_palace_corner_narrow, storm_palace_corner_reverse_hut],
          uniq_mara
Spider:1: layout_spider_delve, gammafunk_ghost_berserking_beasts
Spider:2: layout_spider_delve, uniq_azrael, uniq_aizul, uniq_jorgrun
Spider:3: layout_spider_delve, portal_ice_cave_entry_ice_statue_two, drop_trap
Spider:4: grunt_spider_rune_parallel, spiders_nest_the_unseen
Orc:1:    nicolae_orc_accident_2, layout_caves
Orc:2:    st_orc_congregation, layout_diamond_mine, serial_shops,
          nicolae_shop_drivethru
Elf:1:    eino_elf_arrival_the_gate, layout_loops_corners,
          hangedman_elf_disciples, grunt_megastairs_4

Skill      XL: |  1  2  3  4  5  6  7  8  9 10 11 12 13 14 15 16 17 18 19 |
---------------+----------------------------------------------------------+-----
Long Blades    | 3 4 6 9 12 | 12.7
Short Blades   | 2 5 6 9 |  9.4
Stealth        | 2 4 5 |  5.0
Shields        | 4 6 |  6.0
Armour         | 3 4 7 10 11 12 | 12.0
Fighting       | 3 5 6 7 10 11 12 14 | 14.0
Dodging        | 3 4 7 10 12 13 | 13.0
Translocations | 4 5 7 10 12 13 14 | 14.0
Transmutations | 4 6 7 |  7.0
Evocations     | 3 4 7 9 |  9.0
Spellcasting   | 4 5 |  5.0
Throwing       | 3 4 |  4.8
Necromancy     | 5 |  5.3

Action                     |  1- 3 |  4- 6 |  7- 9 | 10-12 | 13-15 | 16-18 | 19-21 || total
---------------------------+-------+-------+-------+-------+-------+-------+-------++-------
  Melee: Falchion          |    30 |     1 |       |       |       |       |       ||    31
         Dagger            |    71 |   203 |   357 |   347 |    31 |       |       ||  1009
         Punch             |     2 |     1 |     1 |       |       |       |       ||     4
         Kick              |       |       |    86 |   307 |   505 |       |       ||   898
         Headbutt          |       |       |    62 |   188 |   365 |   271 |    60 ||   946
         Short sword       |       |       |       |   147 |       |       |       ||   147
         Scimitar          |       |       |       |   245 |  1342 |  1615 |    41 ||  3243
         Unarmed           |       |       |       |       |       |     9 |       ||     9
         Demon blade       |       |       |       |       |       |       |   341 ||   341
  Throw: Boomerang         |       |     1 |     2 |     2 |    45 |       |       ||    50
         Dart              |       |       |    23 |     3 |    24 |    17 |     1 ||    68
   Cast: Blink             |       |       |     1 |     1 |     4 |     1 |       ||     7
         Wereblood         |       |       |       |     5 |    39 |    20 |     1 ||    65
         Manifold Assault  |       |       |       |       |       |   480 |   105 ||   585
         Lesser Beckoning  |       |       |       |       |       |     2 |       ||     2
 Invoke: Potion Petition   |       |       |       |       |     3 |     7 |       ||    10
  Evoke: Wand              |       |       |       |     6 |    28 |    19 |     7 ||    60
         Box of beasts     |       |       |       |       |       |     3 |       ||     3
         Phantom mirror    |       |       |       |       |       |     2 |     1 ||     3
         Phial of floods   |       |       |       |       |       |     1 |       ||     1
         Tin of tremorston |       |       |       |       |       |     1 |     1 ||     2
    Use: Scroll            |     2 |     3 |     6 |     8 |     6 |    11 |     4 ||    40
         Potion            |       |       |     4 |     2 |     2 |     5 |       ||    13
   Stab: Sleeping          |       |     1 |       |       |       |     2 |       ||     3
         Paralysed         |       |       |     1 |     2 |     4 |       |       ||     7
         Distracted        |       |       |       |     2 |     7 |     5 |     2 ||    16
         Petrified         |       |       |       |     3 |       |       |       ||     3
         Petrifying        |       |       |       |     1 |       |       |       ||     1
         Held in net/web   |       |       |       |       |     1 |       |       ||     1
         Invisible         |       |       |       |       |     1 |     6 |     3 ||    10
 Armour: Leather armour    |    18 |    20 |       |       |       |       |       ||    38
         Ring mail         |       |     5 |    49 |       |       |   144 |    12 ||   210
         Scale mail        |       |       |    35 |   174 |   295 |       |       ||   504
         Chain mail        |       |       |       |       |   129 |   331 |   122 ||   582
  Dodge: Dodged            |    55 |   106 |   113 |   230 |   405 |   462 |   122 ||  1493
  Block: Buckler           |       |       |    44 |   244 |   393 |   457 |   113 ||  1251
         Reflection        |       |       |     2 |    14 |    33 |    49 |     2 ||   100

Table legend: (Time is in decaauts)
 A = Elapsed time spent in this place.
 B = Non-inter-level travel time spent in this place.
 C = Inter-level travel time spent in this place.
 D = Time resting spent in this place.
 E = Time spent auto-exploring this place.
 F = Levels seen in this place.
 G = Mean time per level.
                   A        B        C        D        E       F      G
               +--------+--------+--------+--------+--------+-----+--------+
         Total |  58753 |  53181 |   5572 |  21218 |  20150 |  33 | 1780.4 |
       Dungeon |  21344 |  18612 |   2732 |   5336 |   9038 |  15 | 1422.9 |
          Lair |  10607 |   9202 |   1405 |   2889 |   4023 |   5 | 2121.4 |
        Shoals |  12046 |  11774 |    272 |   6850 |   2964 |   4 | 3011.5 |
   Spider Nest |   7064 |   6359 |    705 |   3387 |   1938 |   4 | 1766.0 |
  Orcish Mines |   4372 |   3973 |    399 |   1269 |   1378 |   2 | 2186.0 |
   Elven Halls |   1839 |   1782 |     57 |    844 |    686 |   1 | 1839.0 |
       Volcano |    692 |    692 |      0 |    357 |      0 |   1 |  692.0 |
      Gauntlet |    786 |    786 |      0 |    284 |    121 |   1 |  786.0 |
               +--------+--------+--------+--------+--------+-----+--------+

Top non-repeatable levels by time:
Shoals:4: 4233 daAuts
Shoals:1: 3536 daAuts
    D:11: 3107 daAuts
   Orc:2: 3003 daAuts
  Lair:5: 2861 daAuts
Spider:2: 2623 daAuts
  Lair:2: 2537 daAuts
     D:9: 2536 daAuts
Spider:1: 2388 daAuts
Shoals:2: 2164 daAuts
Shoals:3: 2111 daAuts
Spider:3: 2036 daAuts
  Lair:3: 2019 daAuts
     D:6: 2002 daAuts
     D:8: 1849 daAuts
